 Dungeon Crawl Stone Soup version 0.18.1-50-g88ac8fd (webtiles) character file.

6124 Naarciss the Thaumaturge (level 10, 0/52 HPs)
             Began as a Deep Elf Conjurer on Sept 26, 2016.
             Was a Priest of Vehumet.
             Slain by a killer bee zombie (2 damage)
             ... on level 9 of the Dungeon.
             The game lasted 01:50:54 (10975 turns).

Naarciss the Thaumaturge (Deep Elf Conjurer)       Turns: 10975, Time: 01:50:58

Health: 0/52       AC:  7    Str:  5    XL:     10   Next: 59%
Magic:  0/28       EV: 11    Int: 24    God:    Vehumet [***...]
Gold:   445        SH:  4    Dex: 17    Spells: 7 memorised, 10 levels left

rFire  . . .     SeeInvis .     v - +3 dagger (venom)
rCold  . . .     Gourm    .     a - +0 robe
rNeg   . . .     Faith    .     (no shield)
rPois  .         Spirit   .     (no helmet)
rElec  .         Dismiss  .     y - +0 cloak
rCorr  .         Reflect  +     (no gloves)
SustAt .         Harm     .     x - +0 pair of boots
MR     +....                    h - +4 amulet of reflection
Stlth  ++........               g - ring of wizardry
                                e - +3 ring of protection

@: exhausted, very heavily drained, somewhat resistant to hostile enchantments,
unstealthy
A: agile 1
a: Renounce Religion


You were on level 9 of the Dungeon.
You worshipped Vehumet.
Vehumet was most pleased with you.
You were not hungry.

You visited 2 branches of the dungeon, and saw 10 of its levels.

You collected 445 gold pieces.

Inventory:

Hand Weapons
 v - a +3 dagger of venom (weapon)
Armour
 a - a +0 robe (worn)
 x - a +0 pair of boots (worn)
 y - a +0 cloak (worn)
Jewellery
 e - a +3 ring of protection (left hand)
 g - a ring of wizardry (right hand)
 h - a +4 amulet of reflection (around neck)
 A - an uncursed ring of protection from cold
Wands
 d - a wand of polymorph (14/24)
 q - a wand of paralysis (10/24)
Scrolls
 i - 2 scrolls of blinking
 m - 3 scrolls of teleportation
 s - 6 scrolls of remove curse
Potions
 f - a potion of flight
 n - 2 potions of cancellation
 r - a potion of lignification
Books
 b - a book of Conjurations

   Spells                             Type                      Level
   a - Magic Dart                     Conjuration                  1
   b - Searing Ray                    Conjuration                  2
   c - Dazzling Spray                 Conjuration/Hexes            3
   d - Fulminant Prism                Conjuration/Hexes            4
   e - Iskenderun's Mystic Blast      Conjuration                  4
   f - Iskenderun's Battlesphere      Conjuration/Charms           5
 k - a book of Spatial Translocations

   Spells                             Type                      Level
   a - Apportation                    Translocation                1
   b - Blink                          Translocation                2
   c - Shroud of Golubria             Charms/Translocation         2
   d - Portal Projectile              Translocation                3
   e - Teleport Other                 Translocation                3
   f - Passage of Golubria            Translocation                4
 l - a book of Clouds

   Spells                             Type                      Level
   a - Mephitic Cloud                 Conjuration/Poison/Air       3
   b - Conjure Flame                  Conjuration/Fire             3
   c - Poisonous Cloud                Conjuration/Poison/Air       6
   d - Freezing Cloud                 Conjuration/Ice/Air          6
   e - Ring of Flames                 Charms/Fire                  7
 w - a book of Misfortune

   Spells                             Type                      Level
   a - Confusing Touch                Hexes                        2
   b - Confuse                        Hexes                        3
   c - Gell's Gravitas                Hexes/Translocation          3
   d - Petrify                        Transmutation/Earth          4
   e - Metabolic Englaciation         Hexes/Ice                    5
   f - Yara's Violent Unravelling     Hexes/Transmutation          5
Comestibles
 c - 7 bread rations
 o - 6 slices of pizza


   Skills:
 + Level 1.6(0.0) Fighting
 + Level 1.7(0.0) Short Blades
 + Level 5.8(0.7) Dodging
 + Level 4.8(0.0) Stealth
 + Level 12.7(6.7) Spellcasting
 + Level 11.0(5.1) Conjurations
 + Level 7.5(2.2) Hexes
 + Level 0.4(0.0) Charms
 + Level 0.4(0.0) Translocations


You had 10 spell levels left.
You knew the following spells:

 Your Spells              Type           Power        Failure   Level  Hunger
a - Magic Dart            Conj           ####         1%          1    None
b - Dazzling Spray        Conj/Hex       ####..       1%          3    None
c - Fulminant Prism       Conj/Hex       ####......   2%          4    ###....
d - Iskenderun's Battles  Conj/Chrm      ###.....     14%         5    #####..
e - Blink                 Tloc           N/A          4%          2    None
f - Ignite Poison         Fire/Trmt/Pois #.......     3%          3    None
g - Poisonous Cloud       Conj/Pois/Air  ###.......   77%         6    ######.


Dungeon Overview and Level Annotations

Branches:
Dungeon (9/15)             Temple (1/1) D:4
   Lair: D:8-11         Orc: D:9-12

Altars:
Ashenzari
Cheibriados
Dithmenos
Elyvilon
Fedhas
Gozag
Kikubaaqudgha
Makhleb
Nemelex Xobeh
Okawaru
Pakellas
Qazlal
Ru
Sif Muna
Trog
Vehumet
Xom
Yredelemnul
Zin
The Shining One

Shops:
D:4 :

Annotations:
D:9 schammes's ghost, novice GrFi


Innate Abilities, Weirdness & Mutations

You are agile. (Dex +2)


Message History

Schammes's ghost is severely damaged.
The killer bee zombie barely misses you.
You block the killer bee zombie's attack.
Schammes's ghost hits you but does no damage.
The killer bee zombie hits you but does no damage.
Drink which item? (? for menu, Esc to quit)
Your magical effects are unravelling.
You feel magically purged.
You feel less woody.
Your +0 cloak unmelds from your body.
Your +0 pair of boots unmelds from your body.
Your +0 robe unmelds from your body.
You feel yourself speed up.
The killer bee zombie closely misses you.
Schammes's ghost hits you!
* * * LOW HITPOINT WARNING * * *
You feel drained.
* * * LOW HITPOINT WARNING * * *
The killer bee zombie hits you.
You die...

#...# ........... ...
#### #...#..#..
#..####...#..#..
#..'ยง##.........
##.####....##'##
#.....#....#....
.?########.####....#####
..)(..Z.#.....#........#
#@###'#######..#.#
#W#.....# #..#.#
###.....#######....#
#...................#
#...................#
#...................'
..........###'##.....#
......)....#....#..[..#
.....##....#.?..#..#))#


You could see schammes's ghost and a killer bee zombie.

Vanquished Creatures
  An unseen horror (shapeshifter) (D:8)
  Sigmund (D:4)
  A wyvern (D:8)
  A spriggan (D:9)
  The ghost of Ginkk the Skirmisher, an amateur DsAK of Lugonu (D:4)
  Grum (D:8)
  A hungry ghost (D:7)
  Menkaure (D:4)
  Duvessa (D:5)
  A sky beast (D:9)
  2 ice beasts
  A necrophage (D:8)
  3 ogres
  5 phantoms
  A wasp (D:6)
  2 crocodiles
  2 wolves (D:8)
  5 centaurs
  Blork the orc (D:5)
  9 giant frogs
  A gnoll sergeant (D:7)
  A water moccasin zombie (D:7)
  13 wights
  Dowan (D:5)
  4 killer bees (D:7)
  6 howler monkeys
  5 crimson imps
  A wasp zombie (D:8)
  4 hounds
  2 orc priests
  A jelly (D:9)
  A giant frog skeleton (D:8)
  An iguana (D:5)
  Natasha (thrice) (D:2)
  6 orc wizards
  5 worker ants
  A hound skeleton (D:9)
  A worker ant zombie (D:5)
  7 gnolls
  8 adders
  4 shadow imps
  An ooze (D:4)
  2 adder skeletons
  5 worms
  4 dart slugs
  7 giant geckos
  20 orcs
  3 bats (D:1)
  10 giant cockroaches
  4 goblins
  8 hobgoblins
  15 jackals
  2 quokkas
  2 giant newts
  A jackal skeleton (D:9)
  A jackal zombie (D:7)
  14 kobolds
  7 rats
  10 fulminant prisms
233 creatures vanquished.

Vanquished Creatures (others)
  An orc warrior (D:7)
  A killer bee (D:7)
  A crimson imp (D:7)
  A giant gecko (D:7)
  52 fulminant prisms
  A plant (D:6)
57 creatures vanquished.

Grand Total: 290 creatures vanquished

Notes
Turn   | Place    | Note
--------------------------------------------------------------
     0 | D:1      | Naarciss the Deep Elf Conjurer began the quest for the Orb.
     0 | D:1      | Reached XP level 1. HP: 10/10 MP: 6/6
   168 | D:1      | Reached XP level 2. HP: 15/15 MP: 2/8
   360 | D:1      | Reached skill level 5 in Conjurations
   517 | D:1      | Reached XP level 3. HP: 19/19 MP: 5/9
   522 | D:1      | Learned a level 3 spell: Dazzling Spray
   956 | D:2      | Noticed Natasha
   961 | D:2      | Killed Natasha
   961 | D:2      | Reached skill level 4 in Spellcasting
   961 | D:2      | Reached XP level 4. HP: 10/24 MP: 0/12
  1094 | D:2      | Noticed Natasha
  1320 | D:2      | Killed Natasha
  1654 | D:2      | Reached XP level 5. HP: 28/28 MP: 10/13
  1660 | D:2      | Learned a level 4 spell: Fulminant Prism
  1744 | D:2      | Noticed Natasha
  1747 | D:2      | Killed Natasha
  2022 | D:3      | Reached skill level 5 in Spellcasting
  2227 | D:3      | Found a radiant altar of Vehumet.
  2344 | D:3      | Found a basalt altar of Yredelemnul.
  2684 | D:3      | Found a faded altar to an unknown god.
  3117 | D:4      | Found a staircase to the Ecumenical Temple.
  3126 | Temple   | Entered the Ecumenical Temple
  3320 | D:4      | Found Utsuar's Book Shop.
  3475 | D:5      | Entered Level 5 of the Dungeon
  3475 | D:5      | Noticed a centaur
  3496 | D:3      | Became a worshipper of Vehumet
  3535 | D:4      | Reached skill level 1 in Hexes
  3535 | D:4      | Reached XP level 6. HP: 28/32 MP: 4/16
  3860 | D:4      | Noticed Menkaure
  3886 | D:4      | Killed Menkaure
  3886 | D:4      | Reached skill level 6 in Spellcasting
  4013 | D:4      | Noticed Sigmund
  4017 | D:4      | Noticed Ginkk's ghost (amateur DsAK)
  4019 | D:4      | Killed Sigmund
  4019 | D:4      | Reached XP level 7. HP: 36/36 MP: 0/19
  4038 | D:4      | Killed Ginkk's ghost
  4294 | D:5      | Reached skill level 7 in Spellcasting
  4483 | D:5      | Learned a level 5 spell: Iskenderun's Battlesphere
  4689 | D:5      | Noticed Duvessa
  5062 | D:5      | Reached XP level 8. HP: 42/42 MP: 14/21
  5075 | D:5      | Noticed Dowan
  5078 | D:5      | Killed Dowan
  5088 | D:5      | Killed Duvessa
  5088 | D:5      | Reached skill level 1 in Fighting
  5088 | D:5      | Reached skill level 8 in Spellcasting
  5438 | D:5      | Noticed Blork the orc
  5441 | D:5      | Killed Blork the orc
  5441 | D:5      | Reached skill level 1 in Short Blades
  5818 | D:6      | Gained mutation: You are somewhat resistant to further mutation. [potion of mutation]
  5818 | D:6      | Gained mutation: You possess an exceptional clarity of mind. [potion of mutation]
  6035 | D:6      | Learned a level 2 spell: Blink
  6228 | D:6      | Reached * piety under Vehumet
  6228 | D:6      | Offered knowledge of Sting by Vehumet.
  6236 | D:6      | Reached skill level 9 in Spellcasting
  6943 | D:7      | Reached skill level 5 in Hexes
  6943 | D:7      | Reached XP level 9. HP: 47/47 MP: 17/24
  6949 | D:7      | Reached skill level 10 in Spellcasting
  7170 | D:7      | Reached ** piety under Vehumet
  7170 | D:7      | Offered knowledge of Sandblast by Vehumet.
  7537 | D:6      | Reached skill level 5 in Dodging
  7833 | D:7      | Reached skill level 11 in Spellcasting
  7965 | D:7      | Found a sparkling altar of Nemelex Xobeh.
  8093 | D:7      | Offered knowledge of Ignite Poison by Vehumet.
  8098 | D:7      | Learned a level 3 spell: Ignite Poison
  8105 | D:7      | Learned a level 6 spell: Poisonous Cloud
  8188 | D:7      | Paralysed by a wight for 5 turns
  8251 | D:7      | Reached skill level 10 in Conjurations
  8578 | D:7      | Found a shimmering altar of Xom.
  9029 | D:8      | Reached XP level 10. HP: 52/52 MP: 14/27
  9282 | D:8      | Killed an unseen horror
  9342 | D:8      | Noticed Grum
  9379 | D:8      | Reached *** piety under Vehumet
  9517 | D:8      | Reached skill level 12 in Spellcasting
  9533 | D:8      | Killed Grum
 10467 | D:9      | Offered knowledge of Stone Arrow by Vehumet.
 10924 | D:9      | Noticed schammes's ghost (novice GrFi)
 10962 | D:9      | Lost mutation: You possess an exceptional clarity of mind. [potion of cure mutation]
 10962 | D:9      | Lost mutation: You are somewhat resistant to further mutation. [potion of cure mutation]
 10963 | D:9      | Gained mutation: You are agile. (Dex +2) [potion of beneficial mutation]
 10975 | D:9      | HP: 2/52 [schammes's ghost (3)]
 10975 | D:9      | Slain by a killer bee zombie

Skill      XL: |  1  2  3  4  5  6  7  8  9 10 |
---------------+-------------------------------+-----
Conjurations   | 5 6 7 8 10 11 | 11.0
Spellcasting   | 4 5 6 7 9 11 12 | 12.7
Stealth        | 3 4 |  4.8
Hexes          | 1 2 3 5 6 7 |  7.5
Dodging        | 3 4 5 |  5.8
Fighting       | 1 |  1.6
Short Blades   | 1 |  1.7
Charms         | |  0.4
Translocations | |  0.4

Action                   |  1- 3 |  4- 6 |  7- 9 | 10-12 || total
-------------------------+-------+-------+-------+-------++-------
Melee: Unarmed           |     4 |       |       |       ||     4
       Dagger            |       |     2 |    56 |    41 ||    99
 Cast: Magic Dart        |    54 |   116 |   189 |    87 ||   446
       Dazzling Spray    |     1 |    15 |    67 |    59 ||   142
       Fulminant Prism   |       |     9 |    39 |    14 ||    62
       Blink             |       |       |     1 |     5 ||     6
Evoke: Wand              |       |       |       |     2 ||     2
  Use: Scroll            |       |    10 |    15 |     4 ||    29
       Potion            |       |     4 |     7 |    10 ||    21
  Eat: Meat ration       |       |     2 |     3 |       ||     5
       Fruit             |       |     4 |       |     5 ||     9
       Beef jerky        |       |       |     1 |       ||     1
       Pizza             |       |       |       |     2 ||     2
Armor: Robe              |     5 |     5 |    17 |    12 ||    39
       Skin              |       |       |       |    23 ||    23
Dodge: Dodged            |     4 |    21 |    64 |    48 ||   137
Block: Other             |     1 |     4 |    19 |    15 ||    39
       Reflection        |       |     1 |     2 |     2 ||     5
